 Dungeon Crawl Stone Soup version 0.26-a0-228-g29f007ebfe (webtiles) character file.

Game seed: 11271495962153120122

112 Lugonue the Digger (level 4, -5/34 HPs)
             Began as a Ghoul Earth Elementalist on July 7, 2020.
             Was an Initiate of Cheibriados.
             Slain by an orc wizard
             ... wielding a +0 quarterstaff
              (7 damage)
             ... on level 3 of the Dungeon.
             The game lasted 00:06:42 (4130 turns).

Lugonue the Digger (Ghoul Earth Elementalist)       Turns: 4130, Time: 00:06:42

Health: -5/34      AC:  3    Str: 12      XL:     4   Next: 93%
Magic:  5/6        EV: 11    Int: 11 (12) God:    Cheibriados [......]
Gold:   167        SH:  3    Dex: 10      Spells: 1/7 levels left

rFire    . . .     SeeInvis .     - Unarmed
rCold    + . .     Faith    .   a - +0 buckler
rNeg     + + +     Spirit   .   k - +1 robe
rPois    ∞         Reflect  .   (no helmet)
rElec    .         Harm     .   (no cloak)
rCorr    .                      (no gloves)
MR       +....                  (no boots)
Stlth    ++........             (no amulet)
HPRegen  0.00/turn              n - ring of protection from magic
MPRegen  0.10/turn              (no ring)

@: flying, rotting, very slow
A: rotting body, claws 1, carnivore, cold resistance 1, negative energy
resistance 3, inhibited regeneration, torment resistance, unbreathing
a: Bend Time, Renounce Religion


You were on level 3 of the Dungeon.
You worshipped Cheibriados.
Cheibriados was noncommittal.
You were not hungry.

You visited 1 branch of the dungeon, and saw 3 of its levels.

You collected 167 gold pieces.

Inventory:

Missiles
 b - 51 stones (quivered)
Armour
 a - a +0 buckler (worn)
 k - a +1 robe (worn)
Jewellery
 n - a ring of protection from magic (left claw)
Wands
 c - a wand of acid (6)
Scrolls
 d - 2 scrolls of enchant armour
 e - a scroll of enchant weapon {unknown}
 o - a scroll of teleportation {unknown}
 p - a scroll of identify {unknown}
Potions
 f - 3 potions of mutation
 j - a potion of stabbing {unknown}
 m - a potion of curing {unknown}
Comestibles
 h - a chunk of flesh


   Skills:
 * Level 0.5 Fighting
 + Level 2.3 Dodging
 + Level 2.4 Stealth
 * Level 2.2 Unarmed Combat
 + Level 2.2 Spellcasting
 + Level 0.8 Transmutations
 + Level 4.4 Earth Magic


You had one spell level left.
You knew the following spells:

 Your Spells              Type           Power        Failure   Level
a - Sandblast             Erth           ##....       8%          1
b - Passwall              Tmut/Erth      #.......     24%         2
c - Stone Arrow           Conj/Erth      #.....       50%         3

Your spell library contained the following spells:

 Spells                   Type           Power        Failure   Level
 Petrify                  Tmut/Erth      #.......     85%         4
 Lee's Rapid Deconstruct  Erth           ##........   91%         5


Dungeon Overview and Level Annotations

Branches:
Dungeon (3/15)

Altars:
Cheibriados
Nemelex Xobeh
Okawaru


Innate Abilities, Weirdness & Mutations

Your body is rotting away.
You thrive on raw meat.
You are immune to poison.
You have sharp fingernails.
You are carnivorous and can eat meat at any time.
Your flesh is cold resistant. (rC+)
You are immune to negative energy. (rN+++)
You do not regenerate when monsters are visible.
You are immune to unholy pain and torment.
You can survive without breathing.


Message History

A puff of flame appears from out of thin air!
The puff of flame hits you!
Casting: Sandblast (safe; 8% risk of failure)
Confirm with . or Enter, or press ? or * to list all spells.
You can't see any susceptible monsters within range! (Use Z to cast anyway.)
There is a strange disturbance nearby!
Casting: Sandblast (safe; 8% risk of failure)
Confirm with . or Enter, or press ? or * to list all spells.
Aiming: Sandblast (safe; 8% risk of failure)
Press: ? - help, Shift-Dir - straight line, f - you
b - 51 stones Something hits you.
* * * LOW HITPOINT WARNING * * *
It was a potion of flight.
You feel very buoyant.
You fly up into the air.
Something hits you!
* * * LOW HITPOINT WARNING * * *
It was a potion of lignification.
You feel woody for a moment. Something hits you!
You die...

### ### #.######.#
#........# #.######.#
##### #.# #.# ....#####
#@######.# ........#
#{#......# .##...#.###
#.#......# .##.#.....##
#.#......#
.######....#####....÷...#
(#......................#
.#.####....#.####.......#
.#.# #)#.##.#####......#
...####.#.#...........#.#


There were no monsters in sight!

Vanquished Creatures
  4 gnolls (D:2)
  2 oozes
  A worm (D:2)
  2 dart slugs
  5 orcs (D:3)
  11 bats
  2 giant cockroaches (D:2)
  7 goblins
  2 hobgoblins (D:1)
  5 jackals
  3 frilled lizards
  4 kobolds
  8 rats
56 creatures vanquished.

Notes
Turn   | Place    | Note
-------+----------+-------------------------------------------
     0 | D:1      | Lugonue the Ghoul Earth Elementalist began the quest for
                  | the Orb.
     0 | D:1      | Reached XP level 1. HP: 14/14 MP: 2/2
   570 | D:1      | Reached XP level 2. HP: 17/20 MP: 4/4
  1038 | D:1      | Learned a level 2 spell: Passwall
  1244 | D:1      | Reached skill level 1 in Unarmed Combat
  1244 | D:1      | Reached XP level 3. HP: 18/26 MP: 5/5
  2054 | D:2      | Learned a level 3 spell: Stone Arrow
  2360 | D:2      | HP: 1/26 [gnoll/+0 spear (8)]
  2361 | D:2      | Reached skill level 4 in Earth Magic
  2688 | D:2      | Reached XP level 4. HP: 24/34 MP: 3/6
  3029 | D:2      | Found an iron altar of Okawaru.
  3194 | D:3      | Found a snail-covered altar of Cheibriados.
  3305 | D:3      | Became a worshipper of Cheibriados the Contemplative
  3411 | D:3      | Found a sparkling altar of Nemelex Xobeh.
  4130 | D:3      | Slain by an orc wizard

Illustrated notes

Levels and vault maps discovered:
D:1:      sevenhm_arrival_forest_fort_large_4, layout_loops_cross,
          chequers_big_river, minmay_close_crescents
D:2:      layout_basic, okawaru_ov_weapons_minmay, first_ration,
          kennysheep_path_1, kennysheep_generic_room_10
D:3:      layout_basic, lemuel_crystal_altar, lemuel_doored_altar

Skill      XL: |  1  2  3  4 |
---------------+-------------+-----
Spellcasting   | 2 |  2.2
Dodging        | 2 |  2.3
Unarmed Combat | 1 2 |  2.2
Earth Magic    | 4 |  4.4
Fighting       | |  0.5
Stealth        | |  2.4
Transmutations | |  0.8

Action                   |  1- 3 |  4- 6 || total
-------------------------+-------+-------++-------
Melee: Unarmed           |   114 |    58 ||   172
 Cast: Sandblast         |    19 |    11 ||    30
Evoke: Wand              |       |     1 ||     1
  Use: Potion            |     2 |     2 ||     4
       Scroll            |     1 |     3 ||     4
 Stab: Sleeping          |     1 |     3 ||     4
  Eat: Chunk             |     4 |     6 ||    10
Armor: Robe              |    27 |    19 ||    46
Dodge: Dodged            |    73 |    31 ||   104
Block: Buckler           |     1 |     8 ||     9

Table legend:
 A = Non-vault XP
 B = Vault XP
 C = Vault XP percentage of total XP
 D = Non-vault monster count
 E = Vault monster count
 F = Vault count percentage of total count
                 A         B        C        D         E       F
            +---------+---------+-------+---------+---------+-------
      Total |     150 |      10 |   6.2 |      51 |       5 |   8.9
            +---------+---------+-------+---------+---------+-------
        D:1 |      30 |       8 |  21.1 |      17 |       4 |  19.0
        D:2 |      82 |       2 |   2.4 |      19 |       1 |   5.0
        D:3 |      38 |       0 |   0.0 |      15 |       0 |   0.0
            +---------+---------+-------+---------+---------+-------
